 Dungeon Crawl Stone Soup version 0.31-a0-1388-g4b2ba238e7 (webtiles) character file.

Game seed: 1901638543241353316

152 MisterAzrael the Trooper (level 5, -2/41 HPs)
             Began as a Djinni Cinder Acolyte on Dec 24, 2023.
             Was a Priest of Ignis.
             Slain by a hound (4 damage)
             ... on level 4 of the Dungeon.
             The game lasted 00:08:29 (3145 turns).

MisterAzrael the Trooper (Djinni Cinder Acolyte)    Turns: 3145, Time: 00:08:29

Health: -2/41      AC:  2    Str: 13    XL:     5   Next: 60%
Gold:   172        EV: 11    Int: 17    God:    Ignis [***...] SH:  0 Dex:  9

rFire   + + +        a - -1 hand axe (flame)
rCold   x . .        (no shield)
rNeg    . . .        b - +0 robe
rPois   ∞            (no helmet)
rElec   .            (no cloak)
rCorr   .            (no gloves)
SInv    .            (boots unavailable)
Will    .....        (no amulet)
Stlth   +            (no ring)
HPRegen 0.26/turn    (no ring)
MPRegen 0.00/turn

%: infuse magic (-3 HP)
@: flying
A: sickness immunity, fire resistance 2, cold vulnerability 1, float, innate
caster, HP casting, extra vitality 1
a: Renounce Religion, Fiery Armour, Foxfire Swarm, Rising Flame


You were on level 4 of the Dungeon.
You worshipped Ignis.
Ignis was most pleased with you.
You visited 1 branch of the dungeon, and saw 4 of its levels.

You collected 172 gold pieces.

Inventory:

Hand Weapons
 a - a -1 hand axe of flaming (weapon)
Armour
 b - a +0 robe (worn)
Jewellery
 i - a ring of positive energy
 m - a ring of protection from fire
Scrolls
 c - 6 scrolls of identify {unknown}
 e - 2 scrolls of fear {unknown}
 f - 2 scrolls of vulnerability {unknown}
 j - a scroll of silence {unknown}
 k - a scroll of teleportation {unknown}
 n - a scroll of poison {unknown}
 o - a scroll of amnesia {unknown}
Potions
 d - a potion of attraction {unknown}
 g - a potion of curing {unknown}
 h - 2 potions of might {unknown}
 l - a potion of berserk rage {unknown}


   Skills:
 + Level 4.1 Fighting
 + Level 3.4 Axes
 + Level 3.3 Spellcasting
 + Level 3.3 Conjurations
 + Level 3.3 Hexes
 + Level 3.3 Summonings
 + Level 3.3 Necromancy
 + Level 3.3 Translocations
 + Level 3.3 Fire Magic
 + Level 3.3 Ice Magic
 + Level 3.3 Air Magic
 + Level 3.3 Earth Magic
 + Level 3.3 Alchemy


You knew the following spells:

 Your Spells              Type           Power      Damage    Failure   Level
a - Scorch                Fire           28%        2d6       7%          2
b - Kiss of Death         Conj/Necr      56%        2d9       4%          1
c - Jinxbite              Hex            28%        N/A       7%          2
Your spell library was empty.

Dungeon Overview and Level Annotations

Branches:
Dungeon (4/15)
 Temple: D:4-7

Altars:

Shops:
D:2 [


Innate Abilities, Weirdness & Mutations

You are immune to sickness and miasma.
You are immune to poison.
Your flesh is very heat resistant. (rF++)
You are vulnerable to cold. (rC-)
You float through the air rather than walking.
You learn spells naturally, not from books.
Your magical power is your life essence.
You have superior vitality. (+4 MHP)


Message History

You miss the hound. The hound bites you but does no damage.
The hound closely misses you.
You barely miss the hound. The hound bites you.
You are too injured to fight recklessly!
You are too injured to fight recklessly!
The hound bites you. The hound closely misses you.
You hit the hound. You burn the hound.
The hound is lightly wounded.
The hound closely misses you. x2
You closely miss the hound.
The hound is lightly wounded.
The hound bites you.
You hit the hound. You burn the hound.
The hound is moderately wounded.
The hound barely misses you. x2
You closely miss the hound.
The hound is moderately wounded.
The hound closely misses you. The hound bites you.
* * * LOW HITPOINT WARNING * * *
You closely miss the hound.
The hound is moderately wounded.
The hound barely misses you.
You barely miss the hound.
The hound is moderately wounded.
The hound bites you.
* * * LOW HITPOINT WARNING * * *
The hound closely misses you.
You barely miss the hound.
The hound is moderately wounded.
The hound pauses to sniff the ground.
The hound closely misses you. The hound bites you.
* * * LOW HITPOINT WARNING * * *
You hit the hound. You burn the hound.
The hound is severely wounded.
The hound bites you but does no damage. The hound bites you.
* * * LOW HITPOINT WARNING * * *
You hit the hound. You burn the hound.
The hound is almost dead.
The hound bites you.
You die...

###'##†..########
######..##...##...##.
#....>...#...........
#........#.........#P
#..###'###.<.......~~ #.
#.>...#...####'♣♣~ #
+.....#...# .<♣♣P~
...####..>..######.♣♣♣~~
......h@....# #.. ♣~~P
............# ##♣♣♣~≈≈
............# ♣~≈~~≈
.......####.# #♣♣P~~≈≈
....... ..#####~P~~P≈~
###.... #.....#♣~P~≈≈
#.... #.....##♣~~~~
##### #.....# #~~P~
#.....# ##♣~~


You could see a hound.

Vanquished Creatures
  An orc priest (D:3)
  3 adders
  A shadow imp (D:4)
  A dart slug (D:3)
  14 orcs
  3 endoplasms
  2 giant cockroaches
  7 hobgoblins
  A kobold (D:3)
  4 quokkas
  10 ball pythons
  5 bats
  4 frilled lizards
  9 goblins
  4 rats
69 creatures vanquished.

Vanquished Creatures (others)
  34 foxfires (D:3)
34 creatures vanquished.

Grand Total: 103 creatures vanquished

Notes
Turn   | Place    | Note
-------+----------+-------------------------------------------
     0 | D:1      | MisterAzrael the Djinni Cinder Acolyte began the quest for
                  | the Orb.
     0 | D:1      | MisterAzrael set off with the following spells memorised:
                  | Scorch.
     0 | D:1      | Reached XP level 1. HP: 20/20 MP: 0/0
   251 | D:1      | Reached XP level 2. HP: 3/25 MP: 0/0
  1126 | D:2      | Reached XP level 3. HP: 25/30 MP: 0/0
  1126 | D:2      | Learned a level 1 spell: Kiss of Death
  1465 | D:2      | Reached XP level 4. HP: 29/34 MP: 0/0
  1810 | D:2      | Found Kofual's Antique Armour Boutique.
  1818 | D:2      | Upgraded the game from 0.31-a0-1370-gf52a5a9ab3 to
                  | 0.31-a0-1388-g4b2ba238e7
  2299 | D:3      | Reached XP level 5. HP: 8/41 MP: 0/0
  2299 | D:3      | Learned a level 2 spell: Jinxbite
  2440 | D:3      | Reached skill level 4 in Fighting
  3144 | D:4      | HP: 2/41 [hound (5)]
  3145 | D:4      | Slain by a hound

Illustrated notes

Levels and vault maps discovered:
D:1:      dpeg_arrival_lava_temple_mockup, layout_loops_ring
D:2:      layout_loops_ring, serial_shops, shop
D:3:      layout_loops_cross
D:4:      layout_gridville, serial_bayou_lagoon_b

Skill      XL: |  1  2  3  4  5 |
---------------+----------------+-----
Axes           | 3 |  3.4
Spellcasting   | 3 |  3.3
Conjurations   | 3 |  3.3
Hexes          | 3 |  3.3
Summonings     | 3 |  3.3
Necromancy     | 3 |  3.3
Translocations | 3 |  3.3
Fire Magic     | 3 |  3.3
Ice Magic      | 3 |  3.3
Air Magic      | 3 |  3.3
Earth Magic    | 3 |  3.3
Alchemy        | 3 |  3.3
Fighting       | 4 |  4.1

Action                     |  1- 3 |  4- 6 || total
---------------------------+-------+-------++-------
  Melee: Hand axe          |    47 |    76 ||   123
         Punch             |     1 |       ||     1
   Cast: Scorch            |    26 |    14 ||    40
         Kiss of Death     |     1 |       ||     1
         Jinxbite          |       |     1 ||     1
 Invoke: Fiery Armour      |       |     3 ||     3
         Foxfire Swarm     |       |     2 ||     2
 Armour: Robe              |    46 |    68 ||   114
  Dodge: Dodged            |    48 |    63 ||   111

Table legend: (Time is in decaauts)
 A = Elapsed time spent in this place.
 B = Non-inter-level travel time spent in this place.
 C = Inter-level travel time spent in this place.
 D = Time resting spent in this place.
 E = Time spent auto-exploring this place.
 F = Levels seen in this place.
 G = Mean time per level.
                   A        B        C        D        E       F      G
               +--------+--------+--------+--------+--------+-----+--------+
         Total |   3163 |   3024 |    139 |    280 |   2284 |   4 |  790.8 |
       Dungeon |   3163 |   3024 |    139 |    280 |   2284 |   4 |  790.8 |
               +--------+--------+--------+--------+--------+-----+--------+

Top non-repeatable levels by time:
     D:1: 1057 daAuts
     D:2: 1018 daAuts
     D:3: 832 daAuts
     D:4: 254 daAuts
